 Dungeon Crawl Stone Soup version 0.15-a0-193-gf781f13 (webtiles) character file.

513 PolkaDot the Vexing (level 6, -4/41 HPs)
             Began as a Vampire Enchanter on Apr 22, 2014.
             Was an Initiate of Ashenzari.
             Slain by a gnoll
             ... wielding a +0,+0 halberd
              (12 damage)
             ... on Level 4 of the Dungeon.
             The game lasted 00:09:32 (2290 turns).

PolkaDot the Vexing (Vampire Enchanter)             Turns: 2290, Time: 00:09:32

HP  -4/41        AC  4     Str  7      XL: 6   Next: 32%
MP  14/19        EV 13     Int 17      God: Ashenzari [......]
Gold 167         SH  0     Dex 16      Spells:  3 memorised,  3 levels left

rFire  . . .     SeeInvis +     a - +1 dagger (curse)
rCold  . . .     Clarity  .     b - +1 robe
rNeg   . . .     Conserve .     (no shield)
rPois  .         rCorr    .     (no helmet)
rElec  .         rRot     .     (no cloak)
SustAb . .       Spirit   .     f - +0 pair of gloves
rMut   .         Warding  .     (no boots)
Saprov . . .     Stasis   .     (no amulet)
MR     .....                    (no ring)
                                q - cursed ring of magical power

@: regenerating quickly, lethally poisoned, not resistant to hostile
enchantments, stealthy
A: bottle blood, fangs 3, see invisible, unbreathing
a: Bottle Blood, Renounce Religion


You were on level 4 of the Dungeon.
You worshipped Ashenzari.
Ashenzari was noncommittal.
You were full.

You visited 1 branch of the dungeon, and saw 4 of its levels.

You collected 167 gold pieces.

Inventory:

Hand weapons
 a - a cursed +1,+1 dagger (weapon)
Missiles
 d - 12 darts (quivered)
Armour
 b - a +1 robe (worn)
 f - a +0 pair of gloves (worn)
Scrolls
 e - a scroll of curse armour
 g - a scroll of magic mapping
 h - a scroll of recharging {unknown}
 i - a scroll of blinking {unknown}
 j - a scroll of noise {unknown}
 k - 2 scrolls of fear {unknown}
 l - a scroll of enchant weapon I {unknown}
 m - 2 scrolls of curse jewellery
 n - a scroll of curse weapon
 o - 2 scrolls of teleportation {unknown}
 r - a scroll of enchant armour {unknown}
Jewellery
 q - a cursed ring of magical power (left hand)
Potions
 p - a potion of cure mutation {unknown}
 s - a potion of restore abilities {unknown}
Books
 c - a book of Maledictions

   Spells                             Type                      Level
   *Corona                            Hexes                        1
   Sure Blade                         Hexes/Charms                 2
   *Ensorcelled Hibernation           Hexes/Ice                    2
   *Confuse                           Hexes                        3
   Dazzling Spray                     Conjuration/Hexes            3
   Enslavement                        Hexes                        4


   Skills:
 * Level 5.2 Short Blades
 - Level 0.7 Throwing
 - Level 2.1 Dodging
 - Level 3.0 Stealth
 - Level 2.0 Spellcasting
 + Level 6.4 Hexes
 + Level 2.7 Ice Magic


You had 3 spell levels left.
You knew the following spells:

 Your Spells              Type           Power        Failure   Level  Hunger
a - Corona                Hex            ###....      1%          1    #......
c - Confuse               Hex            ###.....     6%          3    ####...
d - Ensorcelled Hibernat  Hex/Ice        ###...       4%          2    ###....


Dungeon Overview and Level Annotations

Branches:
Dungeon (4/15)
 Temple: D:4-7

Altars:
Ashenzari
Cheibriados
Fedhas
Vehumet
Yredelemnul
Zin


Innate Abilities, Weirdness & Mutations

Your natural rate of healing is unusually fast.
You can bottle blood from corpses.
You have razor-sharp teeth.*
You have supernaturally acute eyesight.
You can survive without breathing.*


Message History

You impale the gnoll!!
You kill the gnoll!
You start resting.
The gnoll misses you.
The gnoll hits you with a runed halberd!
You are poisoned.
Casting: Ensorcelled Hibernation
Confirm with . or Enter, or press ? or * to list all spells.
Aiming: Ensorcelled Hibernation
Press: ? - help, Shift-Dir - straight line, f - gnoll
Aim: a gnoll, wielding a halberd of venom The gnoll looks drowsy...
You feel sick. The gnoll closely misses you.
The helpless gnoll fails to defend itself.
You impale the gnoll!!
You kill the gnoll!
You feel sick.
The gnoll hits you from afar with a halberd!
* * * LOW HITPOINT WARNING * * *
You feel sick. The gnoll hits you with a halberd!
You die...

. #.# #.# #.# #.#
#.# #.#
#.############ ##
#.@g.......... ..
#.############ # #.#
#.# #.# #.# #.#
##.#################
#...................


You could see a gnoll.

Vanquished Creatures
  An ogre (D:4)
  Sigmund (D:3)
  2 worker ants
  Ijyb (D:3)
  Jessica (D:3)
  2 gnolls (D:4)
  2 adders (D:2)
  An inept feature mimic (D:2)
  2 giant geckos
  2 oozes
  11 hobgoblins
  3 jackals
  6 kobolds
  11 bats
  A giant cockroach (D:1)
  2 giant newts
  7 goblins
  A quokka zombie (D:4)
  4 rats
61 creatures vanquished.

Notes
Turn   | Place    | Note
--------------------------------------------------------------
     0 | D:1      | PolkaDot, the Vampire Enchanter, began the quest for the Orb.
     0 | D:1      | Reached XP level 1. HP: 13/13 MP: 3/3
   138 | D:1      | Reached XP level 2. HP: 10/19 MP: 4/4
   146 | D:1      | Learned a level 2 spell: Ensorcelled Hibernation
   735 | D:2      | Found a blossoming altar of Fedhas.
   739 | D:2      | Reached XP level 3. HP: 24/24 MP: 4/6
   762 | D:2      | Found a radiant altar of Vehumet.
   912 | D:2      | Reached skill level 5 in Hexes
   947 | D:2      | Reached skill level 1 in Ice Magic
  1124 | D:2      | Found a shattered altar of Ashenzari.
  1175 | D:2      | Became a worshipper of Ashenzari the Shackled
  1378 | D:2      | Found a glowing silver altar of Zin.
  1395 | D:2      | Reached XP level 4. HP: 26/30 MP: 7/7
  1405 | D:2      | Found a basalt altar of Yredelemnul.
  1440 | D:3      | Noticed Sigmund
  1470 | D:3      | Killed Sigmund
  1470 | D:3      | Reached XP level 5. HP: 15/35 MP: 5/9
  1587 | D:3      | Noticed Jessica
  1595 | D:3      | Killed Jessica
  1979 | D:3      | Noticed Ijyb
  2017 | D:3      | Killed Ijyb
  2017 | D:3      | Reached skill level 6 in Hexes
  2025 | D:3      | Learned a level 3 spell: Confuse
  2103 | D:4      | Found a snail-covered altar of Cheibriados.
  2156 | D:4      | Noticed an ogre
  2165 | D:4      | Killed an ogre
  2165 | D:4      | Reached XP level 6. HP: 30/41 MP: 10/10
  2272 | D:4      | Reached skill level 5 in Short Blades
  2290 | D:4      | Slain by a gnoll

Action                   |  1- 3 |  4- 6 || total
-------------------------+-------+-------++-------
Melee: Dagger            |   161 |    88 ||   249
 Cast: Ensorcelled Hiber |    13 |    17 ||    30
  Use: Potion            |     1 |     4 ||     5
       Scroll            |     2 |     1 ||     3
 Stab: Sleeping          |    13 |    13 ||    26
